 Dungeon Crawl Stone Soup version 0.31-a0-361-g0f8bd3a31e (webtiles) character file.

Game seed: 10791339295244387521

504 CrazyBamboolord the Mimic (level 6, 0/47 HPs)
             Began as a Draconian Shapeshifter on July 27, 2023.
             Slain by an orc wizard
             ... wielding a +0 dagger
              (4 damage)
             ... on level 3 of the Dungeon.
             The game lasted 00:04:57 (1842 turns).

CrazyBamboolord the Mimic (Draconian Shapeshifter)  Turns: 1842, Time: 00:04:57

Health: 0/47       AC:  6    Str: 19    XL:     6   Next: 96%
Magic:  6/6        EV: 12    Int:  8    God:
Gold:   92         SH:  0    Dex: 12    Spells: 5/5 levels left

rFire   . .          .
                       - Unarmed
rCold   . . .        (no shield)
rNeg    . . .        (body armour unavailable)
rPois   .            (helmet currently unavailable)
rElec   .            (cloak currently unavailable)
rCorr   .            (gloves currently unavailable)
SInv    .            (boots currently unavailable)
Will    +....        (no amulet)
Stlth   +            (no ring)
HPRegen 0.27/turn    (no ring)
MPRegen 0.10/turn

%: no passive effects
@: brilliant, about to teleport, beast-form, enlightened, flying
A: beast (slay +7), AC +6, unfitting armour, cold-blooded
a: Begin Untransformation


You were on level 3 of the Dungeon.
You were a hulking beast.
You visited 1 branch of the dungeon, and saw 3 of its levels.

You collected 92 gold pieces.

Inventory:

Jewellery
 j - a ring of ice
Talismans
 b - a beast talisman
Scrolls
 g - 2 scrolls of immolation
 i - 3 scrolls of amnesia
 k - a scroll of noise
 l - a scroll of poison
 m - a scroll of vulnerability
Potions
 c - 2 potions of enlightenment


   Skills:
 * Level 1.4 Fighting
 * Level 2.0 Dodging
 * Level 3.7 Unarmed Combat
 - Level 11.3 Shapeshifting


You had 5 spell levels left.
You didn't know any spells.
Your spell library contained the following spells:

 Spells                   Type           Power      Damage    Failure   Level
 Summon Small Mammal      Summ           0%         N/A       41%         1
 Call Canine Familiar     Summ           0%         N/A       78%         3
 Summon Guardian Golem    Hex/Summ       0%         N/A       78%         3


Dungeon Overview and Level Annotations

Branches:
Dungeon (3/15)

Altars:


Innate Abilities, Weirdness & Mutations

You are a hulking beast.
Your limbs bulge with bestial killing power. (Slay +7)
Your plain brown scales are hard. (AC +6)
You cannot fit into any form of body armour.
You are cold-blooded and may be slowed by cold attacks.


Message History

You bump into the rock wall.
The orc hits you with a +0 club.
You barely miss the orc.
You feel less confused. The orc hits you with a +0 club.
* * * LOW HITPOINT WARNING * * *
The orc wizard casts a spell.
The orc wizard flickers and vanishes!
Deactivating autopickup; reactivate with Ctrl-A.
You punch the orc!
You kill the orc!
Something hits you.
* * * LOW HITPOINT WARNING * * *
Found 3 scrolls labelled GOPSEORIWA.
Okay, then.
As you read the scroll labelled TIWIEKL QAAXOV, it crumbles to dust.
It is a scroll of identify.
k - a scroll of noise Something hits you but does no damage.
As you read the scroll of identify, it crumbles to dust.
l - a scroll of poison Something hits you but does no damage.
As you read the scroll of identify, it crumbles to dust.
m - a scroll of vulnerability You hear some strange, mumbled words.
You are confused.
You bump into the rock wall.
Something hits you but does no damage.
You're too confused to move!
You hear some strange, mumbled words.
A puff of flame appears from out of thin air!
The puff of flame hits you!
* * * LOW HITPOINT WARNING * * *
You bump into the rock wall.
Something hits you but does no damage.
You bump into the rock wall.
Something hits you but does no damage.
You feel less confused.
You feel very buoyant.
You fly up into the air.
Something hits you.
* * * LOW HITPOINT WARNING * * *
As you read the scroll of teleportation, it crumbles to dust.
You feel strangely unstable. Something hits you.
You die...

####>............
#<..#.#.#####.#'#
###.#.#.#...#....
#......#.#.'...'....
########.###...##...
..........'...'....
######.###...#....
#....)†..#####.###
#h####.#.# #.# #?#
#)#.# #.# #......# #
#.# ##...... #.#
#.###... #.# #.#
#...S .# #..... .#
#.....# #.#....


There were no monsters in sight!

Vanquished Creatures
  Sigmund (D:3)
  Natasha (twice) (D:2)
  An orc wizard (D:3)
  Robin (D:3)
  4 adders
  A worm (D:2)
  3 dart slugs
  4 orcs (D:3)
  4 bats
  2 endoplasms
  3 giant cockroaches
  14 goblins
  4 hobgoblins
  10 jackals
  6 quokkas
  2 frilled lizards (D:2)
  4 kobolds
  7 rats
73 creatures vanquished.

Notes
Turn   | Place    | Note
-------+----------+-------------------------------------------
     0 | D:1      | CrazyBamboolord the Draconian Shapeshifter began the quest
                  | for the Orb.
     0 | D:1      | Reached XP level 1. HP: 16/16 MP: 1/1
   192 | D:1      | Reached XP level 2. HP: 18/23 MP: 2/2
   434 | D:1      | Reached XP level 3. HP: 26/28 MP: 3/3
   711 | D:2      | Reached skill level 4 in Shapeshifting
   809 | D:2      | Noticed Natasha
   815 | D:2      | Killed Natasha
   816 | D:2      | Reached XP level 4. HP: 19/35 MP: 4/4
   951 | D:2      | Noticed Natasha
   963 | D:2      | Killed Natasha
   964 | D:2      | Reached skill level 5 in Shapeshifting
  1425 | D:3      | Identified the +1 hand axe of Mibot {drain, Dex+2}
  1457 | D:3      | Noticed Robin
  1467 | D:3      | Reached XP level 5. HP: 31/40 MP: 5/5
  1491 | D:3      | Killed Robin
  1510 | D:3      | Noticed Sigmund
  1516 | D:3      | Reached skill level 11 in Shapeshifting
  1516 | D:3      | Reached XP level 6. HP: 12/47 MP: 6/6
  1516 | D:3      | HP: 2/47 [something (10)]
  1525 | D:3      | Killed Sigmund
  1842 | D:3      | Slain by an orc wizard

Illustrated notes

Levels and vault maps discovered:
D:1:      minmay_arrival_doors, layout_basic, serial_aquarium,
          aquarium_bridge_long_separate [aquarium_subvault_wall,
          aquarium_subvault_bridge, aquarium_subvault_window,
          aquarium_subvault_bridge, aquarium_subvault_window,
          aquarium_subvault_wall], aquarium_window_corner, aquarium_window_1,
          aquarium_window_1, aquarium_view_2a
D:2:      layout_basic, minmay_heptomino_d4, uniq_natasha
D:3:      layout_basic, uniq_robin, uniq_sigmund, uniq_crazy_yiuf_cottage

Skill      XL: |  1  2  3  4  5  6 |
---------------+-------------------+-----
Shapeshifting  | 4 5 11 | 11.3
Dodging        | 2 |  2.0
Fighting       | |  1.4
Unarmed Combat | |  3.7

Action                     |  1- 3 |  4- 6 || total
---------------------------+-------+-------++-------
  Melee: Unarmed           |   102 |    95 ||   197
         Tailslap          |    10 |     6 ||    16
         Punch             |     1 |     2 ||     3
    Use: Potion            |       |     8 ||     8
         Scroll            |       |     7 ||     7
   Stab: Sleeping          |       |     1 ||     1
 Armour: Skin              |    38 |    57 ||    95
  Dodge: Dodged            |    47 |    61 ||   108

Table legend: (Time is in decaauts)
 A = Elapsed time spent in this place.
 B = Non-inter-level travel time spent in this place.
 C = Inter-level travel time spent in this place.
 D = Time resting spent in this place.
 E = Time spent auto-exploring this place.
 F = Levels seen in this place.
 G = Mean time per level.
                   A        B        C        D        E       F      G
               +--------+--------+--------+--------+--------+-----+--------+
         Total |   1830 |   1789 |     41 |     60 |   1298 |   3 |  610.0 |
       Dungeon |   1830 |   1789 |     41 |     60 |   1298 |   3 |  610.0 |
               +--------+--------+--------+--------+--------+-----+--------+

Top non-repeatable levels by time:
     D:1: 703 daAuts
     D:2: 624 daAuts
     D:3: 502 daAuts
